 Dungeon Crawl Stone Soup version 0.30.0-15-g856e2d3f33 (webtiles) character file.

Game seed: 6718018659261124342

858 Daunt the Trooper (level 8, 0/71 HPs)
             Began as a Meteoran Summoner on May 19, 2023.
             Slain by a steam dragon (7 damage)
             ... on level 6 of the Dungeon.
             The game lasted 00:29:54 (2663 turns).

Daunt the Trooper (Meteoran Summoner)               Turns: 2663, Time: 00:29:54

Health: 0/71       AC:  4    Str: 10    XL:     8   Next: 46%
Magic:  17/22      EV: 12    Int: 14    God:
Gold:   170        SH:  0    Dex: 23    Spells: 6/12 levels left

rFire   . . .        b - +0 sling
rCold   . . .        (no shield)
rNeg    . . .        y - +0 leather armour
rPois   .            (no helmet)
rElec   .            F - +0 cloak
rCorr   .            (no gloves)
SInv    .            (no boots)
Will    +....        (no amulet)
Stlth   +            d - +6 ring of dexterity
HPRegen 0.31/turn    E - ring of magical power
MPRegen 0.18/turn

%: no passive effects
@: glowing
A: sense surroundings 1, otherworldly, glowing, explore regen, dopey 1
a: no special abilities


You were on level 6 of the Dungeon.
You visited 1 branch of the dungeon, and saw 6 of its levels.

You collected 170 gold pieces.

Inventory:

Hand Weapons
 a - a +0 trident
 b - a +0 sling (weapon)
 i - a +0 short sword
 u - a +0 war axe
 w - a +0 short sword
Missiles
 e - 30 stones
 q - a throwing net
 G - 6 poisoned darts
Armour
 j - a +0 ring mail
 y - a +0 leather armour (worn)
 z - a +0 robe
 F - a +0 cloak (worn)
Jewellery
 d - a +6 ring of dexterity (left hand)
 E - a ring of magical power (right hand)
Wands
 v - a wand of flame (15)
Scrolls
 c - 4 scrolls of vulnerability {unknown}
 f - 3 scrolls of enchant weapon {unknown}
 g - 5 scrolls of identify {unknown}
 h - a scroll of poison {unknown}
 k - 6 scrolls of teleportation {unknown}
 l - a scroll of acquirement {unknown}
 o - 2 scrolls of fog {unknown}
 p - 2 scrolls of noise {unknown}
 r - 4 scrolls of enchant armour {unknown}
 s - 4 scrolls of immolation {unknown}
 t - a scroll of magic mapping {unknown}
 A - a scroll of torment {unknown}
Potions
 m - a potion of mutation
 n - 3 potions of curing {unknown}
 x - a potion of brilliance {unknown}
 B - a potion of haste {unknown}
 C - a potion of degeneration {unknown}
 D - a potion of magic
 H - a potion of might {unknown}


   Skills:
 - Level 6.8 Fighting
 + Level 6.4 Ranged Weapons
 - Level 2.4 Dodging
 - Level 1.4 Stealth
 - Level 2.6 Spellcasting
 - Level 4.8 Summonings


You had 6 spell levels left.
You knew the following spells:

 Your Spells              Type           Power      Damage    Failure   Level
a - Summon Small Mammal   Summ           60%        N/A       4%          1
c - Call Canine Familiar  Summ           15%        N/A       12%         3
i - Call Imp              Summ           30%        N/A       6%          2

Your spell library contained the following spells:

 Spells                   Type           Power      Damage    Failure   Level
 Summon Guardian Golem    Hex/Summ       8%         N/A       32%         3
 Blink                    Tloc           2%         N/A       41%         2
 Lesser Beckoning         Tloc           2%         N/A       41%         2
 Momentum Strike          Conj/Tloc      2%         3d8       41%         2
 Dazzling Flash           Conj/Hex       2%         N/A       65%         3
 Vhi's Electric Charge    Tloc/Air       2%         N/A       65%         3
 Summon Lightning Spire   Summ/Air       8%         N/A       73%         4
 Agony                    Necr           1%         N/A       100%        5
 Alistair's Intoxication  Tmut/Pois      0%         N/A       100%        5
 Arcjolt                  Conj/Air       0%         1d10      100%        5
 Borgnjor's Vile Clutch   Necr/Erth      0%         N/A       100%        5
 Iskenderun's Battlesphe  Conj           1%         2d6       100%        5
 Silence                  Hex/Air        0%         N/A       100%        5
 Eringya's Noxious Bog    Tmut/Pois      0%         N/A       100%        6
 Iron Shot                Conj/Erth      0%         9d1       100%        6
 Spellforged Servitor     Conj/Summ      4%         N/A       100%        7
 Storm Form               Tmut/Air       0%         N/A       100%        7
 Maxwell's Capacitive Co  Air            0%         ∞         100%        8


Dungeon Overview and Level Annotations

Branches:
Dungeon (6/15) Zot: 894
 Temple: D:4-7

Altars:
Makhleb
Ru
Uskayaw
Wu Jian

Annotations:
D:4 Pikel


Innate Abilities, Weirdness & Mutations

You passively map a small area around you.
You are easily found by Zot.
You glow in the dark.
You regain HP and MP as you explore.
You are dopey. (Int -2)


Message History

Fire: b) +0 sling
Press: ? - help, Q - select action, (/) - cycle Shift-Dir - straight line, f/p - steam dragon
Aim: a steam dragon (heavily wounded, ally target, 67% to hit)
You shoot a sling bullet. The sling bullet hits the steam dragon.
The steam dragon is heavily wounded.
The bullfrog hits you but does no damage.
The steam dragon closely misses you. x2
Your cerulean imp hits the steam dragon but does no damage.
The bullfrog hits you.
The steam dragon bites you but does no damage.
The steam dragon claws you.
* * * LOW HITPOINT WARNING * * *
Unknown command.
Save game and exit?
Welcome back, Daunt the Meteoran Summoner.
Press ? for a list of commands and other information.
Unknown command.
Unknown command.
Unknown command.
Cast which spell? (? or * to list)
Your cerulean imp barely misses the steam dragon.
The bullfrog hits you.
* * * LOW HITPOINT WARNING * * *
The steam dragon bites you.
* * * LOW HITPOINT WARNING * * *
The steam dragon claws you.
* * * LOW HITPOINT WARNING * * *
Casting: Summon Small Mammal (safe; 4% risk of failure)
Confirm with . or Enter, or press ? or * to list all spells.
The scorpion barely misses your cerulean imp.
The bullfrog hits you.
* * * LOW HITPOINT WARNING * * *
Your bat closely misses the steam dragon.
Your cerulean imp barely misses the steam dragon.
The scorpion stings your cerulean imp.
Your bat closely misses the steam dragon.
The bullfrog hits you.
* * * LOW HITPOINT WARNING * * *
The steam dragon bites you!
You die...

* , #.###........
#.#.##.##. *
##.......##.#####.#.#...#.
,............##........_...
*
.s.............##.#.#...#.
.........#......#.#.##.##.
......s..#......#.#.......
....!#.5.§.##...#.####.###
,
.......bb#......#.........
,
....#...D@..†...######.###
,
,........F.................
##>###....................
# ##................... *
..##................ , ,
###*#................ ,
#.#..............
#...........)..#. ,
###.###.#........


You could see a steam dragon (ally target), a bullfrog, a scorpion (ally
target), a friendly cerulean imp (summoned) and 2 friendly bats.

Vanquished Creatures
  A steam dragon (D:6)
  A phantom (D:5)
  A bullfrog (D:6)
  A scorpion (D:3)
  2 jellies
  2 hounds
  Natasha (twice) (D:4)
  An iguana (D:3)
  An orc wizard (D:5)
  2 adders (D:4)
  A gnoll (D:2)
  A shadow imp (D:5)
  A white imp (D:5)
  2 worms
  7 orcs
  4 endoplasms
  2 giant cockroaches (D:2)
  5 goblins
  A hobgoblin (D:3)
  5 quokkas
  A ball python (D:4)
  2 bats
  4 frilled lizards
  4 kobolds
  2 rats
56 creatures vanquished.

Vanquished Creatures (collateral kills)
  A black bear (D:5)
  A lemure (D:3)
  An iguana (D:4)
  Natasha (D:4)
  2 gnolls (D:2)
  2 adders (D:2)
  A worm (D:3)
  A dart slug (D:3)
  2 orcs (D:5)
  3 ball pythons
  A bat (D:1)
  4 endoplasms
  A giant cockroach (D:2)
  2 goblins
  2 hobgoblins
  2 jackals (D:5)
  3 frilled lizards
  3 kobolds
33 creatures vanquished.

Grand Total: 89 creatures vanquished

Notes
Turn   | Place    | Note
-------+----------+-------------------------------------------
     0 | D:1      | Daunt the Meteoran Summoner began the quest for the Orb.
     0 | D:1      | Reached XP level 1. HP: 14/14 MP: 5/5
   107 | D:1      | Reached skill level 1 in Fighting
   135 | D:1      | Reached XP level 2. HP: 23/23 MP: 3/6
   205 | D:1      | Learned a level 2 spell: Call Imp
   311 | D:2      | Reached XP level 3. HP: 29/30 MP: 5/8
   628 | D:2      | Reached XP level 4. HP: 19/38 MP: 3/9
   722 | D:2      | Gained mutation: You are dopey. (Int -2) [potion of
                  | mutation]
   723 | D:2      | HP: 2/40 [adder (3)]
   787 | D:2      | Reached XP level 5. HP: 46/46 MP: 10/10
  1038 | D:2      | Found an ornate altar of the Wu Jian Council.
  1180 | D:3      | Found a faded altar of an unknown god.
  1213 | D:3      | Reached skill level 5 in Fighting
  1364 | D:4      | Noticed Natasha
  1374 | D:4      | Killed Natasha
  1375 | D:4      | Reached XP level 6. HP: 46/57 MP: 6/11
  1653 | D:4      | Noticed Natasha
  1661 | D:4      | Killed Natasha
  1676 | D:4      | Learned a level 3 spell: Call Canine Familiar
  1704 | D:4      | Found a burning altar of Makhleb.
  1738 | D:4      | Noticed Pikel
  1861 | D:3      | Reached XP level 7. HP: 25/64 MP: 3/12
  2062 | D:4      | Found a hide-covered altar of Uskayaw.
  2069 | D:4      | Noticed Natasha
  2108 | D:5      | Entered Level 5 of the Dungeon
  2372 | D:5      | Reached XP level 8. HP: 67/71 MP: 12/13
  2465 | D:4      | Killed Natasha
  2575 | D:6      | Found a sacrificial altar of Ru.
  2605 | D:6      | Reached skill level 5 in Ranged Weapons
  2613 | D:6      | Identified the +3 mace "Igedoq" {spect, rC+ Str+3 Dex+6}
  2627 | D:6      | Noticed a steam dragon
  2636 | D:6      | Killed a steam dragon
  2649 | D:6      | Noticed a steam dragon
  2663 | D:6      | Slain by a steam dragon

Illustrated notes

Levels and vault maps discovered:
D:1:      mrwooster_arrival_arrow, layout_basic, nicolae_titane
D:2:      layout_loops_corners, basic_altar
D:3:      layout_rooms, dreamdust_ecumenical_altar_grove,
          kennysheep_generic_room_6
D:4:      layout_cave_pools, nicolae_overflow_hidden_temple,
          mainiacjoe_overflow_boulevard, uniq_natasha, uniq_pikel
D:5:      layout_rooms, minmay_temple_entry_nine_rooms, serial_shops, shop
D:6:      layout_rooms, nicolae_ru_sacrificial_ziggurat,
          mainiacjoe_overflow_24_doors, serial_glass, glass_columns_b,
          glass_columns_c

Skill      XL: |  1  2  3  4  5  6  7  8 |
---------------+-------------------------+-----
Fighting       | 1 2 3 4 5 6 |  6.8
Ranged Weapons | 4 6 |  6.4
Dodging        | |  2.4
Stealth        | |  1.4
Spellcasting   | |  2.6
Summonings     | |  4.8

Action                     |  1- 3 |  4- 6 |  7- 9 || total
---------------------------+-------+-------+-------++-------
  Melee: Unarmed           |     7 |       |       ||     7
         Short sword       |    49 |   102 |       ||   151
         Trident           |       |    26 |    35 ||    61
   Fire: Sling             |       |       |    45 ||    45
   Cast: Summon Small Mamm |    27 |    44 |    42 ||   113
         Call Imp          |       |    15 |    12 ||    27
    Use: Potion            |       |     3 |       ||     3
   Stab: Distracted        |     2 |     2 |     1 ||     5
 Armour: Robe              |     7 |     9 |       ||    16
         Ring mail         |       |    20 |       ||    20
         Leather armour    |       |     2 |    16 ||    18
  Dodge: Dodged            |    29 |    73 |    41 ||   143
